 Dungeon Crawl Stone Soup version 0.32-a0-119-g2e8054a333 (webtiles) character file.

Game seed: 10627087342248993491

2062777 EnegeticOcto the Royal Mummy (level 27, 212/212 HPs)
             Began as a Mummy Ice Elementalist on Feb 5, 2024.
             Was an Initiate of Gozag.
             Escaped with the Orb
             ... and 5 runes on Feb 6, 2024!
             The game lasted 04:26:32 (156476 turns).

EnegeticOcto the Royal Mummy (MuIE)               Turns: 156476, Time: 04:26:33

Health: 212/212    AC: 30    Str: 11    XL:     27
Magic:  61/61      EV: 15    Int: 28    God:    Gozag
Gold:   32756      SH: 21    Dex: 16    Spells: 17/76 levels left

rFire   . . .        b - staff of cold
rCold   + + .        d - +5 kite shield {AC+3}
rNeg    + + +        g - +5 ring mail {rF+}
rPois   ∞            G - +2 helmet {Int+3}
rElec   .            r - +2 cloak {Will+}
rCorr   .            V - +2 pair of gloves {hurl}
SInv    .            e - +2 pair of boots {Fly}
Will    ++++.        p - amulet of magic regeneration
Stlth   +            B - ring of magical power
HPRegen 0.55/turn    u - ring of the Octopus King {Wiz HP+2 AC+2 EV+2 SH+2}
MPRegen 0.77/turn

%: faith, wizardry (x1)
@: flying
A: cold resistance 1, negative energy resistance 3, torment resistance 2, heat
vulnerability 1, in touch with death 2, no potions, faith
0: Orb of Zot
}: 5/15 runes: decaying, serpentine, slimy, silver, demonic
a: Renounce Religion, Potion Petition, Call Merchant, Bribe Branch


You escaped.
You worshipped Gozag.
Gozag was extremely pleased with you.
You visited 14 branches of the dungeon, and saw 59 of its levels.
You visited Pandemonium 1 time, and saw 5 of its levels.
You visited the Abyss 7 times.
You visited 1 ziggurat, and saw 10 of its levels.
You also visited: Bailey and Gauntlet.

You collected 49630 gold pieces.
You spent 3015 gold pieces at shops.
You paid 13859 gold pieces to Gozag.

Inventory:

Hand Weapons
 a - the +5 whip of Ascent {drain, rF++}
   (You found it on level 3 of the Elven Halls)

   rF++:      It greatly protects you from fire.
 F - the +1 trident of the Wasteland {pain, rF+ Will+}
   (You took it off a deep elf pyromancer on level 3 of the Elven Halls)

   rF+:       It protects you from fire.
   Will+:     It increases your willpower.
 I - a +7 morningstar of distortion
   (You took it off an ironbound preserver on level 3 of the Vaults)
 P - a +9 short sword of distortion
   (You took it off a deep elf demonologist on level 3 of the Elven Halls)
 U - the +5 scythe "Finisher" {speed, execute}
   (You found it on level 3 of the Crypt)
Missiles
 c - 48 boomerangs (quivered)
 j - 4 throwing nets {!f}
 E - 5 javelins
 H - 25 curare-tipped darts
Armour
 d - a +5 kite shield of protection (worn)
   (You took it off a tengu warrior on level 3 of the Depths)
 e - a +2 pair of boots of flying (worn)
   (You found it in a bailey)
 g - a +5 ring mail of fire resistance (worn)
   (You found it on level 5 of the Dungeon)
 r - a +2 cloak of willpower (worn)
   (You found it on level 9 of a ziggurat)
 D - a +2 helmet of see invisible
   (You found it in a Gauntlet)
 G - a +2 helmet of intelligence (worn)
   (You found it on level 3 of the Elven Halls)
 V - a +2 pair of gloves of hurling (worn)
   (You found it on level 1 of the Lair of Beasts)
Magical Staves
 b - a staff of cold (weapon)
   (You took it off Fannar on level 2 of the Lair of Beasts)
Jewellery
 p - an amulet of magic regeneration (around neck)
   (You found it on level 4 of the Dungeon)
 u - a ring of the Octopus King (right hand) {Wiz HP+2 AC+2 EV+2 SH+2}
   (You took it off a deep elf high priest on level 3 of the Elven Halls)

   [ring of wizardry]

   Wiz:       It improves your spell success rate.
   AC+2:      It affects your AC (+2).
   EV+2:      It affects your evasion (+2).
   HP+2:      It affects your health (+2).
   SH+2:      It affects your SH (+2).
 z - a ring of protection from fire
   (You bought it in a shop on level 2 of the Orcish Mines)
 B - a ring of magical power (left hand)
   (You took it off a kobold demonologist on level 9 of the Dungeon)
 M - the ring "Voab Sui" {rC+ EV+5 Dex+2 SInv}
   (You found it on level 1 of the Depths)

   [ring of evasion]

   EV+5:      It affects your evasion (+5).
   Dex+2:     It affects your dexterity (+2).
   rC+:       It protects you from cold.
   SInv:      It lets you see invisible.
 O - a ring of resist corrosion
   (You found it on level 2 of the Swamp)
 R - the amulet "Kosesm" {Reflect MP+9 SH+5}
   (You found it on level 4 of a ziggurat)

   [amulet of reflection]

   Reflect:   It reflects blocked missile attacks.
   MP+9:      It affects your magic capacity (+9).
   SH+5:      It affects your SH (+5).
 W - the ring of Starshine {rElec Int+6}
   (You found it on level 8 of a ziggurat)

   [ring of intelligence]

   Int+6:     It affects your intelligence (+6).
   rElec:     It insulates you from electricity.
Wands
 m - a wand of mindburst (5)
   (You found it on level 10 of a ziggurat)
 o - a wand of light (20) {@v1}
   (You found it on level 3 of the Dungeon)
 q - a wand of paralysis (71)
   (You found it on level 4 of the Dungeon)
 t - a wand of roots (83) {@v2}
   (You found it on level 4 of the Dungeon)
 K - a wand of polymorph (18)
   (You found it on level 10 of the Dungeon)
 N - a wand of digging (36) {@v3}
   (You found it on level 1 of the Lair of Beasts)
 T - a wand of flame (95) {@v4}
   (You found it in a Gauntlet)
Scrolls
 h - 6 scrolls of revelation {@r5 !r}
 i - 19 scrolls of teleportation {@r3 !r}
 k - 6 scrolls of vulnerability
 v - 6 scrolls of fear {!r}
 w - 8 scrolls of butterflies {!r}
 x - 9 scrolls of amnesia
 y - 3 scrolls of torment
 A - 11 scrolls of poison {!r}
 C - 16 scrolls of immolation
 J - 19 scrolls of blinking {@r4}
 L - 14 scrolls of fog {!r}
 S - 4 scrolls of silence {!r}
Miscellaneous
 n - a condenser vane
   (You found it on level 4 of the Swamp)
 Q - a box of beasts
   (You found it on level 4 of the Lair of Beasts)
 X - a phantom mirror
   (You found it on level 5 of the Vaults)
 Y - a phial of floods
   (You found it on level 5 of the Vaults)
 Z - a lightning rod (4/4)
   (You found it on level 5 of the Vaults)


   Skills:
 + Level 16.0 Fighting
 - Level 4.0 Staves
 - Level 12.0 Throwing
 - Level 8.0 Armour
 - Level 8.0 Dodging
 - Level 2.0 Stealth
 - Level 15.0 Shields
 - Level 25.0 Spellcasting
 - Level 9.9 Conjurations
 - Level 3.0 Summonings
 - Level 24.3 Ice Magic
 - Level 10.0 Air Magic
 O Level 27 Invocations
 - Level 8.0 Evocations


You had 17 spell levels left.
You knew the following spells:

 Your Spells              Type           Power      Damage    Failure   Level
a - Airstrike             Air            37%        2d(6-22)  1%          4
b - Polar Vortex          Ice            65%        12d8*     7%          9
c - Ozocubu's Refrigerat  Ice            65%        4d21      1%          7
d - Summon Ice Beast      Ice/Summ       100%       N/A       1%          3
e - Freeze                Ice            100%       1d10      0%          1
f - Frozen Ramparts       Ice            100%       1d16      0%          3
g - Apportation           Tloc           70%        N/A       1%          1
h - Sculpt Simulacrum     Ice/Alch       50%        N/A       1%          6
i - Freezing Cloud        Conj/Ice/Air   54%        6-21      1%          5
j - Vhi's Electric Charg  Tloc/Air       100%       N/A       1%          4
k - Yara's Violent Unrav  Hex/Alch       17%        3d8       36%         5
p - Passwall              Erth           35%        N/A       4%          3
x - Ozocubu's Armour      Ice            100%       N/A       0%          3
V - Swiftness             Air            74%        N/A       1%          3
Y - Blink                 Tloc           70%        N/A       2%          2

Your spell library contained the following spells:

 Spells                   Type           Power      Damage    Failure   Level
 Magic Dart               Conj           100%       1d8       1%          1
 Necrotise                Necr           100%       1d9       1%          1
 Sandblast                Erth           70%        2d15      1%          1
 Shock                    Conj/Air       100%       1d9       1%          1
 Sting                    Conj/Alch      100%       1d9       1%          1
 Summon Small Mammal      Summ           100%       N/A       1%          1
 Cigotuvi's Dreadful Rot  Necr/Alch/Air  100%       N/A       1%          2
 Mercury Vapours          Alch/Air       100%       N/A       1%          2
 Momentum Strike          Conj/Tloc      100%       3d10      1%          2
 Searing Ray              Conj           100%       2d8       1%          2
 Static Discharge         Conj/Air       100%       3-8/arc   1%          2
 Call Canine Familiar     Summ           51%        N/A       1%          3
 Stone Arrow              Conj/Erth      100%       3d13      1%          3
 Brom's Barrelling Bould  Conj/Erth      58%        2d7       1%          4
 Flame Wave               Conj/Fire      58%        2d14      1%          4
 Fulminant Prism          Conj/Alch      29%        3d14      1%          4
 Iskenderun's Mystic Bla  Conj/Tloc      58%        2d12      1%          4
 Summon Lightning Spire   Summ/Air       64%        N/A       1%          4
 Iskenderun's Battlesphe  Conj           74%        2d12      1%          5
 Metabolic Englaciation   Hex/Ice        50%        N/A       1%          5
 Lesser Beckoning         Tloc           70%        N/A       2%          2
 Scorch                   Fire           70%        2d7       2%          2
 Fugue of the Fallen      Necr           68%        N/A       4%          3
 Gell's Gravitas          Tloc           35%        N/A       4%          3
 Inner Flame              Hex/Fire       35%        N/A       4%          3
 Sigil of Binding         Hex            35%        N/A       4%          3
 Teleport Other           Tloc           35%        N/A       4%          3
 Tukima's Dance           Hex            35%        N/A       4%          3
 Vampiric Draining        Necr           68%        2d10      4%          3
 Animate Armour           Summ/Erth      86%        N/A       8%          4
 Martyr's Knell           Necr/Summ      78%        N/A       8%          4
 Summon Blazeheart Golem  Fire/Summ      43%        N/A       8%          4
 Dimensional Bullseye     Hex/Tloc       17%        N/A       14%         4
 Ignite Poison            Fire/Alch      35%        N/A       14%         4
 Leda's Liquefaction      Alch/Erth      17%        N/A       14%         4
 Manifold Assault         Tloc           35%        N/A       14%         4
 Olgreb's Toxic Radiance  Alch           35%        N/A       14%         4
 Petrify                  Alch/Erth      35%        N/A       14%         4
 Sticky Flame             Fire/Alch      35%        2d7       14%         4
 Summon Forest            Summ/Tloc      21%        N/A       21%         5
 Summon Mana Viper        Hex/Summ       43%        N/A       21%         5
 Orb of Destruction       Conj           37%        9d11      21%         7
 Bombard                  Conj/Erth      29%        9d5       26%         6
 Starburst                Conj/Fire      29%        6d9       26%         6
 Borgnjor's Vile Clutch   Necr/Erth      34%        N/A       36%         5
 Curse of Agony           Necr           68%        N/A       36%         5
 Lee's Rapid Deconstruct  Erth           17%        3d11*     36%         5
 Spellforged Servitor     Conj/Summ      31%        N/A       61%         7
 Death Channel            Necr           34%        N/A       89%         6
 Dispersal                Tloc           17%        N/A       89%         6
 Haunt                    Necr/Summ      39%        N/A       99%         7
 Fire Storm               Conj/Fire      29%        8d7       100%        9
 Sublimation of Blood     Necr           Unusable   N/A       N/A         2
 Animate Dead             Necr           Unusable   N/A       N/A         4
 Borgnjor's Revivificati  Necr           Unusable   N/A       N/A         8
 Death's Door             Necr           Unusable   N/A       N/A         9

Dungeon Overview and Level Annotations

Branches:
Dungeon (15/15)            Temple (1/1) D:6            Lair (5/5) D:10
  Swamp (4/4) Lair:2        Snake (4/4) Lair:3        Slime (5/5) Lair:4
    Orc (2/2) D:12            Elf (3/3) Orc:2        Vaults (5/5) D:13
  Crypt (3/3) Vaults:3       Tomb (2/3) Crypt:3      Depths (4/4) D:15
   Hell (visited)             Dis (0/7) Hell            Geh (0/7) Hell
    Coc (0/7) Hell            Tar (0/7) Hell            Zot (5/5) Depths:4
 Bailey (visited)         Gauntlet (visited)

Altars:
Ashenzari
Cheibriados
Dithmenos
Fedhas
Gozag
Hepliaklqana
Kikubaaqudgha
Makhleb
Nemelex Xobeh
Okawaru
Qazlal
Ru
Sif Muna
Trog
Uskayaw
Vehumet
Wu Jian
Xom
Yredelemnul
Jiyva

Shops:
D:2 (   D:6 (   D:9 *   Orc:2 (*[=   Elf:3 [   Swamp:2 :   Vaults:3 [([
Depths:4 =[*[!

Portals:
Hell: Depths:1 Depths:2 Depths:3 Depths:4
Abyss: Depths:2 Depths:3 Depths:4
Pandemonium: Depths:2 Depths:3

Annotations:
Swamp:3 3 runed translucent doors, exclusion: 3 doors, Peot's ghost, adept MiFi; Zacwoi's ghost, adept BaHs; fly's ghost, adept KoDe
Snake:2 2 runed translucent doors, Kuunicon's ghost, adept DsGl
Elf:2 20 runed translucent doors
Depths:3 3 runed translucent doors


Innate Abilities, Weirdness & Mutations

You are immune to poison.
Your flesh is cold resistant. (rC+)
You are immune to negative energy. (rN+++)
You are immune to unholy pain and torment.
You are vulnerable to heat. (rF-)
You are strongly in touch with the powers of death.
You do not drink.
You have a special connection with the divine. (Faith)


Message History

Unknown command.
Casting: Polar Vortex (dangerous; 7% risk of failure)
Confirm with . or Enter, or press ? or * to list all spells.
You feel a surge of power!
A great freezing vortex appears around you.
The Brimstone Fiend gestures at you.
The sphere of damnation explodes!
The damnation engulfs you!!!
Casting: Polar Vortex (dangerous; 7% risk of failure)
Confirm with . or Enter, or press ? or * to list all spells.
You feel a surge of power!
The heat is drained from your surroundings.
The Brimstone Fiend is frozen!
You kill the Brimstone Fiend!
(D) Dungeon (T) Temple (L) Lair (S) Swamp (P) Snake Pit (M) Slime Pits (O) Orcish Mines (E) Elven Halls (V) Vaults (C) Crypt (W) Tomb (U) Depths (H) Hell (I) Dis (G) Gehenna (X) Cocytus (Y) Tartarus (Z) Zot
Where to? (Tab/Enter - D:1 @ (x,y), ? - help)
There is an open door here.
The winds around you start to calm down.
You are engulfed in whirling frost.
You are engulfed in whirling frost.
The winds around you calm down.
There is a large open door here.
An Orb Guardian comes into view.
Unknown command.
Unknown command.
Casting: Ozocubu's Refrigeration (mildly dangerous; 1% risk of failure)
Confirm with . or Enter, or press ? or * to list all spells.
You feel a surge of power!
A great freezing vortex appears around you.
Casting: Polar Vortex (dangerous; 7% risk of failure)
Confirm with . or Enter, or press ? or * to list all spells.
You feel a surge of power!
The heat is drained from your surroundings.
The Orb Guardian is almost dead.
You kill the Orb Guardian!
There is an open door here.
The winds around you start to calm down.
There is a staircase leading out of the dungeon here.
You are engulfed in whirling frost.
There is an escape hatch in the floor here.
There is a staircase leading out of the dungeon here.
Okay, then.
You start resting.
An Ice Fiend comes into view.
Casting: Ozocubu's Refrigeration (mildly dangerous; 1% risk of failure)
Confirm with . or Enter, or press ? or * to list all spells.
You need to wait for the winds to calm down.
The winds around you calm down.
There is an open door here.
Casting: Polar Vortex (dangerous; 7% risk of failure)
Confirm with . or Enter, or press ? or * to list all spells.
You feel a surge of power!
A great freezing vortex appears around you.
The Ice Fiend barely misses you. The Ice Fiend closely misses you.
You block the Ice Fiend's attack.
The Ice Fiend claws you but does no damage.
The Ice Fiend claws you but does no damage.
The Ice Fiend misses you.
The winds around you start to calm down.
You are engulfed in whirling frost.
The Ice Fiend claws you but does no damage.
The Ice Fiend claws you. The Ice Fiend freezes you! You resist.
There is an open door here.
You hit the Ice Fiend.
The Ice Fiend is almost dead.
You are engulfed in whirling frost.
The Ice Fiend gestures at you. The bolt of cold misses you.
You barely miss the Ice Fiend.
The Ice Fiend is almost dead.
The winds around you calm down. You block the Ice Fiend's attack. x2
You hit the Ice Fiend.
The Ice Fiend is almost dead.
The Ice Fiend claws you but does no damage.
You block the Ice Fiend's attack.
Casting: Polar Vortex (dangerous; 7% risk of failure)
Confirm with . or Enter, or press ? or * to list all spells.
You feel a surge of power!
A great freezing vortex appears around you.
The Ice Fiend gestures at you. The bolt of cold hits you! You resist.
You kill the Ice Fiend!
Your Fighting skill increases to level 16!
There is an open door here.
You start resting.
The winds around you start to calm down.
You are engulfed in whirling frost.
There is a staircase leading out of the dungeon here.
You reach down and close the door.
You are engulfed in whirling frost.
You start resting.
The winds around you calm down.
Magic restored.
HP restored.
You start waiting.
Done waiting.
You have escaped!

.......###..####''####...........
........##..###....###...........
........##..##......##...........
.!....)..#..##....#.##........#..
.........#..#........#........#..
.....#.(.#..#......#.#........#[.
.....#...#..#$..##...#...........
.....#...#..#..####..#...........
....)#...#..'..+@>+..+...........
.........#..#.$####..#...........
..##.....#..#...##...#...........
.........#..#.#......#...........
.........#..#........#...........
.....[...#..##.#....##.......###.
##.##....#..##......##.........#.
#.###.###..###....###.......#.#.
##..#..##..####''####..#+#......


There were no monsters in sight!

Vanquished Creatures
  the Royal Jelly (Slime:5)
  9 dread liches
  Khufu (Crypt:2)
  4 orbs of fire (Zot:5)
  5 ancient liches
  A juggernaut (Depths:3)
  Sojobo (Vaults:4)
  Vv (Depths:2)
  23 royal mummies
  12 Killer Klowns
  the Lernaean hydra (Swamp:4)
  Saint Roka (Snake:4)
  Vashnia (Snake:4)
  Geryon (Hell)
  2 curse toes
  4 golden dragons
  A profane servitor (Zig:10)
  5 bone dragons
  4 pandemonium lords (Pan)
  4 doom hounds
  A pearl dragon (Zig:7)
  4 Brimstone Fiends
  4 electric golems
  A shard shrike zombie (Crypt:3)
  17 tentacled monstrosities
  2 walking crystal tomes (Depths:3)
  Rupert (D:14)
  2 Hell Sentinels (Pan)
  5 Ice Fiends
  Grunn (Crypt:3)
  2 tainted leviathans (Zig:10)
  11 liches
  2 walking earthen tomes
  27 Orb Guardians
  2 deep elf blademasters (Elf:3)
  2 deep elf master archers (Elf:3)
  5 titans
  16 acid blobs
  6 quicksilver dragons
  A walking divine tome (Depths:3)
  12 sphinxes
  6 death cobs
  2 Executioners
  6 ancient champions
  12 tengu reavers
  8 tentacled starspawn (Abyss:1)
  Kirke (D:15)
  A thorn hunter (Swamp:2)
  9 storm dragons
  11 shadow dragons
  Agnes (D:15)
  Aizul (Swamp:1)
  Donald (Slime:5)
  A fenstrider witch (Swamp:3)
  7 revenants
  5 azure jellies
  5 draconian monks
  5 protean progenitors
  2 nagarajas (Snake:4)
  13 fire giants
  6 demonspawn warmongers (Pan)
  5 daevas
  11 deep elf sorcerers
  8 frost giants
  8 draconian scorchers
  3 draconian shifters
  12 balrugs
  25 vault wardens
  4 ghost moths
  11 rockslimes
  5 draconian knights
  5 iron dragons
  20 ironbound preservers
  2 emperor scorpions (Pan)
  2 curse skulls
  A spriggan defender (Depths:4)
  3 deep elf elementalists
  12 reapers
  5 draconian annihilators
  2 orc warlords
  11 ghouls
  11 cacodemons
  11 demonspawn corrupters (Pan)
  20 very ugly things
  25 stone giants
  22 demonspawn blood saints (Pan)
  4 formless jellyfish
  A draconian stormcaller (Zot:5)
  11 quicksilver oozes
  A caustic shrike skeleton (Tomb:2)
  11 vampire knights
  5 ironbound thunderhulks
  An apis (Zig:7)
  4 green draconians
  13 black draconians
  5 eleionomae
  A wendigo (Pan)
  5 deep elf death magi
  8 deep elf demonologists (Elf:3)
  8 demonspawn black suns (Pan)
  2 grey draconians (Depths:4)
  31 lorocyprocas
  8 dire elephants
  8 red draconians
  9 white draconians
  2 putrid mouths (Zig:10)
  11 purple draconians
  2 bunyips
  8 yellow draconians
  8 deep elf annihilators
  2 minotaurs
  10 spark wasps
  2 war gargoyles (Vaults:5)
  Azrael (Orc:2)
  4 bennus
  4 eidola
  17 ettins
  10 blizzard demons
  An entropy weaver (Vaults:4)
  9 fire dragons
  8 jiangshi
  12 green deaths
  17 mummy priests
  10 deep elf high priests
  A spectral golden dragon (Zig:10)
  20 yaktaur captains
  Fannar (Lair:2)
  16 hydras
  6 rakshasas
  9 ice dragons
  8 alligators
  A caustic shrike simulacrum (Crypt:2)
  10 great orbs of eyes
  4 catoblepae
  7 hell beasts
  A spriggan skeleton (Crypt:2)
  5 salamander tyrants
  A fenstrider witch zombie (Crypt:1)
  4 ghost crabs
  5 ironbound frosthearts
  3 peacekeepers (Vaults:4)
  7 two-headed ogres
  25 vault guards
  4 spriggan air magi
  7 boulder beetles
  2 anacondas
  35 dancing weapons
  8 vampire magi
  10 centaur warriors
  3 death knights
  12 death scarabs (Tomb:2)
  5 death yaks (Lair:5)
  4 tengu warriors
  2 hell hogs
  10 naga warriors
  9 spriggan berserkers
  9 demonic crawlers (Pan)
  3 orc high priests
  6 deep troll shamans
  An occultist (Depths:3)
  12 deep troll earth magi
  6 thrashing horrors (Abyss:1)
  18 spriggans
  45 sun demons
  9 shock serpents
  10 naga sharpshooters
  38 soul eaters
  14 hell knights
  18 deep elf knights
  A skyshark (Lair:5)
  4 wretched stars (Abyss:1)
  3 shadow wraiths
  8 salamander mystics
  11 sixfirhies
  7 goliath frogs
  16 skeletal warriors
  2 storm dragon skeletons
  4 cherubim
  13 iron trolls
  2 kraken simulacra (Hell)
  An anaconda zombie (Crypt:1)
  3 mana vipers
  4 arcanists
  3 spriggan druids
  17 swamp dragons
  The ghost of lis82 the Frost Mage, a novice DgIE (D:7)
  21 shadow demons
  7 flayed ghosts
  5 glowing orange brains
  An orb spider (Abyss:1)
  6 naga ritualists (Snake:4)
  An anaconda skeleton (Hell)
  5 bog bodies
  63 deep trolls
  A glowing orange brain (shapeshifter) (Vaults:5)
  16 ironbound convokers
  6 lindwurms
  11 starcursed masses (Abyss:1)
  Pikel (D:6)
  8 necromancers
  20 deep elf archers
  A goliath frog zombie (Crypt:1)
  13 phantasmal warriors
  42 deep elf pyromancers
  84 large abominations
  An alligator zombie (Hell)
  7 harpies
  22 deep elf zephyrmancers
  7 orc sorcerers
  26 ugly things
  6 oklob plants (Lair:3)
  A harpy (shapeshifter) (D:15)
  3 shining eyes
  3 cyclopes
  11 orc knights
  3 will-o-the-wisps
  A faun (shapeshifter) (Vaults:1)
  A shining eye (shapeshifter) (Depths:2)
  35 moths of wrath
  26 salamanders
  2 worldbinders (Abyss:1)
  A manticore (shapeshifter) (Vaults:5)
  6 elephants
  4 apocalypse crabs
  5 manticores
  A meliai (shapeshifter) (Vaults:5)
  A stone giant skeleton (Abyss:1)
  A fire giant zombie (Vaults:1)
  21 black mambas
  7 rust devils
  An eleionoma skeleton (Crypt:3)
  3 kobold blastminers (Orc:2)
  An ice statue (Hell)
  21 naga magi
  67 smoke demons
  An eye of devastation (shapeshifter) (Depths:3)
  4 gargoyles
  6 guardian serpents
  A torpor snail (Gauntlet)
  2 eyes of devastation (Slime:5)
  10 orange demons (Pan)
  8 molten gargoyles
  15 vault sentinels
  2 centaur skeletons
  2 hellions
  A shock serpent skeleton (Crypt:3)
  11 cane toads
  2 kobold demonologists
  4 rime drakes
  An anaconda simulacrum (Crypt:2)
  A yaktaur zombie (Vaults:2)
  8 unseen horrors (Depths:1)
  A sea snake zombie (Hell)
  5 efreet
  3 sea snake skeletons (Hell)
  7 komodo dragons
  7 ice devils (Hell)
  3 freezing wraiths
  8 ancient zymes (Abyss:1)
  30 guardian mummies
  15 tormentors
  33 yaktaurs
  3 red devils (Pan)
  A queen bee (Gauntlet)
  13 trolls
  A yaktaur skeleton (Vaults:1)
  A polar bear (Lair:4)
  A black draconian skeleton (Crypt:3)
  6 tyrant leeches
  11 hellwings
  2 harpy zombies (Crypt:1)
  2 bloated husks (Swamp:3)
  A queen bee (shapeshifter) (D:15)
  A moth of wrath zombie (Crypt:1)
  A harpy skeleton (Crypt:1)
  21 hornets
  2 glass eyes
  2 glass eyes (shapeshifter)
  4 raiju (Abyss:1)
  A hydra skeleton (Hell)
  3 blink frogs (Lair:5)
  5 dream sheep (Lair:3)
  A blink frog (shapeshifter) (D:14)
  A culicivora (Vaults:4)
  A boulder beetle zombie (Crypt:2)
  3 centaur simulacra
  An ice dragon skeleton (Crypt:1)
  A yak (shapeshifter) (Vaults:5)
  141 slime creatures
  An air elemental (Elf:3)
  4 wyverns
  4 vampires
  2 water elementals
  36 ynoxinuls
  5 fire elementals
  A slime creature zombie (Crypt:2)
  7 wraiths
  21 golden eyes
  45 yaks
  4 basilisks
  5 fire bats (Abyss:1)
  3 hogs (D:15)
  A human (D:13)
  38 chaos spawn
  7 neqoxecs
  2 redbacks
  A steam dragon (Zig:2)
  5 ushabtiu
  4 wargs
  8 vampire mosquitoes
  5 acid dragons
  55 nagas
  15 swamp worms
  A naga zombie (Tomb:2)
  7 hell hounds
  15 water moccasins
  Duvessa (D:6)
  48 orc warriors
  A wyvern (shapeshifter) (Vaults:5)
  15 swamp drakes
  A meliai simulacrum (D:14)
  23 laughing skulls
  A lindwurm zombie (Crypt:1)
  A fire dragon simulacrum (Crypt:1)
  4 boggarts (D:15)
  6 ogres
  17 centaurs
  25 wolves
  A komodo dragon zombie (Crypt:2)
  4 kobold brigands
  12 bullfrogs
  2 weeping skulls (Abyss:1)
  A swamp dragon skeleton (Crypt:1)
  5 brain worms (Abyss:1)
  A gnoll sergeant (D:12)
  4 necrophages
  9 small abominations (Abyss:1)
  3 earth elementals
  A scorpion (D:6)
  A wyvern zombie (D:3)
  13 wights
  Dowan (D:6)
  8 killer bees
  The ghost of Drangen the Insei, a weakling DgSh (D:3)
  A wolf zombie (Crypt:3)
  An electric eel (Lair:2)
  4 howler monkeys (D:7)
  A lava snake (D:14)
  4 crimson imps (Depths:1)
  A centaur zombie (D:3)
  7 quasits (Abyss:1)
  3 jellies
  4 hounds
  21 orc priests
  2 iron imps
  A gnoll bouda (D:7)
  A black bear skeleton (Crypt:1)
  3 iguanas
  30 orc wizards
  3 hell rats (D:5)
  25 mummies
  6 adders
  12 gnolls
  2 howler monkey skeletons
  22 river rats (D:5)
  2 shadow imps
  3 white imps
  A ribbon worm zombie (Crypt:3)
  2 ufetubi (D:6)
  An iguana zombie (Crypt:3)
  A lava snake skeleton (Crypt:1)
  2 dart slugs
  2 ribbon worms
  103 orcs
  A bat skeleton (Crypt:1)
  18 endoplasms
  5 giant cockroaches
  9 hobgoblins
  10 jackals
  7 quokkas
  5 ball pythons
  10 bats
  A bombardier beetle zombie (Crypt:1)
  A dart slug zombie (Crypt:3)
  3 frilled lizards
  13 goblins
  A jackal skeleton (Crypt:3)
  31 kobolds
  A kobold skeleton (Crypt:2)
  A quokka zombie (Crypt:2)
  4 rats
  2 river rat skeletons
  10 aspiring fleshes
  A lurking horror (Abyss:1)
  8 starspawn tentacles (Abyss:1)
  2 tentacles (Hell)
3317 creatures vanquished.

Vanquished Creatures (collateral kills)
  A juggernaut (Depths:2)
  2 tentacled monstrosities
  2 quicksilver dragons (Zot:3)
  A storm dragon (Zot:3)
  A very ugly thing (Depths:2)
  An ironbound preserver (Vaults:3)
  2 dire elephants (Vaults:3)
  2 hydras
  An anaconda (Snake:1)
  A spriggan berserker (Depths:2)
  A glowing orange brain (Depths:4)
  A deep troll (Vaults:3)
  A bog body (Swamp:3)
  3 ugly things (D:15)
  A salamander (Snake:2)
  A guardian serpent (Snake:4)
  A black mamba (Snake:2)
  A fire giant skeleton (Vaults:2)
  3 elephants
  2 cane toads (Lair:4)
  A yaktaur zombie (Vaults:1)
  A komodo dragon (Lair:4)
  An elf skeleton (Vaults:2)
  2 trolls
  A tyrant leech (Swamp:2)
  A human skeleton (Vaults:1)
  3 slime creatures
  A fire elemental (Orc:2)
  12 yaks
  A water moccasin (D:9)
  2 hell hounds (Orc:2)
  2 orc warriors (Bailey)
  2 ogres (Orc:2)
  A centaur (D:9)
  A kobold brigand (D:9)
  A wyvern skeleton (D:3)
  7 wights
  A howler monkey (D:9)
  A bullfrog skeleton (D:3)
  A centaur skeleton (D:3)
  An orc priest (Orc:2)
  2 iron imps (D:7)
  2 orc wizards
  A gnoll (Bailey)
  A shadow imp (D:7)
  6 orcs
  2 goblins (Bailey)
  A hobgoblin (Bailey)
  4 kobolds
92 creatures vanquished.

Vanquished Creatures (others)
  A frost giant (Depths:4)
  A soul eater (Pan)
  A swamp dragon (Swamp:3)
  An ugly thing (D:15)
  A will-o-the-wisp (Swamp:4)
  2 bloated husks (Swamp:3)
  A ynoxinul (Pan)
  A golden eye (Abyss:1)
  6 foxfires
  6 starspawn tentacles
  2 tentacles (Hell)
23 creatures vanquished.

Grand Total: 3432 creatures vanquished

Notes
Turn   | Place    | Note
-------+----------+-------------------------------------------
     0 | D:1      | EnegeticOcto the Mummy Ice Elementalist began the quest for
                  | the Orb.
     0 | D:1      | Reached XP level 1. HP: 13/13 MP: 4/4
   112 | D:1      | Reached skill level 2 in Stealth
   149 | D:1      | Reached skill level 3 in Spellcasting
   180 | D:1      | Reached XP level 2. HP: 19/19 MP: 3/6
   658 | D:1      | Reached XP level 3. HP: 24/24 MP: 7/7
   936 | D:2      | Learned a level 3 spell: Frozen Ramparts
   940 | D:2      | Learned a level 3 spell: Ozocubu's Armour
   991 | D:2      | Reached skill level 4 in Ice Magic
  1255 | D:2      | Found Cuggibiv's Antique Weapon Boutique.
  1491 | D:2      | Reached XP level 4. HP: 30/30 MP: 3/8
  1534 | D:2      | Found a shimmering altar of Xom.
  2292 | D:3      | Found a runed translucent gate.
  2293 | D:3      | Found a runed translucent gate.
  2317 | D:3      | Found a runed translucent gate.
  2323 | D:3      | Reached skill level 5 in Ice Magic
  2323 | D:3      | Reached XP level 5. HP: 18/35 MP: 2/9
  2323 | D:3      | Noticed Drangen's ghost (weakling DgSh)
  2414 | D:3      | Learned a level 3 spell: Summon Ice Beast
  2507 | D:3      | Found a faded altar of an unknown god.
  3027 | D:4      | Reached skill level 4 in Spellcasting
  3040 | D:4      | Reached XP level 6. HP: 41/41 MP: 12/12
  3443 | D:4      | Learned a level 3 spell: Swiftness
  3458 | D:5      | Entered Level 5 of the Dungeon
  3640 | D:5      | Found an ancient bone altar of Kikubaaqudgha.
  3837 | D:5      | Noticed a water moccasin
  3840 | D:5      | Killed a water moccasin
  3841 | D:5      | Reached skill level 1 in Fighting
  3841 | D:5      | Reached skill level 1 in Summonings
  3841 | D:5      | Reached skill level 1 in Air Magic
  3841 | D:5      | Reached XP level 7. HP: 48/48 MP: 13/13
  4120 | D:5      | Reached skill level 6 in Ice Magic
  4230 | D:5      | Reached skill level 2 in Fighting
  4355 | D:5      | Reached skill level 5 in Spellcasting
  4427 | D:5      | Found the +2 ratskin cloak {*Rats rPois rN+ Str-1 Int-1
                  | Dex+1}
  4435 | D:5      | Reached skill level 2 in Air Magic
  4437 | D:5      | Reached skill level 2 in Summonings
  5013 | D:6      | Found Erchism's Weapon Boutique.
  5046 | D:6      | Noticed Duvessa
  5049 | D:6      | Noticed Dowan
  5054 | D:6      | Killed Duvessa
  5055 | D:6      | Reached XP level 8. HP: 40/56 MP: 16/16
  5062 | D:6      | Killed Dowan
  5063 | D:6      | Reached skill level 6 in Spellcasting
  5138 | D:6      | Found a staircase to the Ecumenical Temple.
  5146 | D:6      | Reached skill level 3 in Summonings
  5146 | D:6      | Reached skill level 3 in Air Magic
  5156 | Temple   | Entered the Ecumenical Temple
  5174 | Temple   | Became a worshipper of Gozag Ym Sagoz the Greedy
  5266 | D:6      | Noticed Pikel
  5283 | D:6      | Killed Pikel
  5284 | D:6      | Reached skill level 4 in Air Magic
  5284 | D:6      | Reached skill level 3 in Fighting
  5293 | D:6      | Reached skill level 4 in Fighting
  5877 | D:6      | Reached XP level 9. HP: 65/65 MP: 18/18
  5995 | D:7      | Noticed a troll
  6007 | D:7      | Killed a troll
  6008 | D:7      | Reached skill level 7 in Ice Magic
  6008 | D:7      | Reached skill level 1 in Evocations
  6010 | D:7      | Found a runed translucent gate.
  6011 | D:7      | Found a runed translucent gate.
  6011 | D:7      | Noticed lis82's ghost (novice DgIE)
  6012 | D:7      | Found a runed translucent gate.
  6179 | D:7      | Found a flagged portal.
  6200 | Bailey   | Entered a bailey
  6208 | Bailey   | Noticed an orc knight
  6284 | Bailey   | Noticed an orc knight
  6472 | Bailey   | Reached skill level 7 in Spellcasting
  6472 | Bailey   | Reached skill level 2 in Evocations
  6608 | Bailey   | Killed an orc knight
  6609 | Bailey   | Reached skill level 3 in Evocations
  6774 | Bailey   | Killed an orc knight
  6775 | Bailey   | Reached skill level 8 in Spellcasting
  7485 | D:7      | Reached skill level 8 in Ice Magic
  7547 | D:7      | Found a broken altar of Ashenzari.
  7566 | D:7      | Reached skill level 4 in Evocations
  7566 | D:7      | Reached XP level 10. HP: 66/71 MP: 20/22
  7814 | D:7      | Found a burning altar of Makhleb.
  7839 | D:7      | Reached skill level 9 in Spellcasting
  8606 | D:8      | Noticed a manticore
  8621 | D:8      | Killed a manticore
  8767 | D:8      | Identified the -2 pair of gloves "Utuwneca" {rCorr Dex+3}
  9567 | D:9      | Noticed a two-headed ogre
  9582 | D:9      | Killed a two-headed ogre
  9583 | D:9      | Reached skill level 10 in Spellcasting
  9583 | D:9      | Reached skill level 9 in Ice Magic
  9586 | D:9      | Reached skill level 5 in Fighting
 10027 | D:9      | Noticed a two-headed ogre
 10039 | D:9      | Killed a two-headed ogre
 10040 | D:9      | Reached skill level 6 in Fighting
 10096 | D:9      | Found a stormy altar of Qazlal.
 10098 | D:9      | Found a sacrificial altar of Ru.
 10181 | D:9      | Found Ledgh's General Store.
 10184 | D:9      | Bought a scroll of blinking for 127 gold pieces
 10184 | D:9      | Bought 2 scrolls of identify for 68 gold pieces
 10244 | D:9      | Reached skill level 7 in Fighting
 10319 | D:9      | Learned a level 4 spell: Airstrike
 10446 | D:9      | Reached XP level 11. HP: 55/85 MP: 25/25
 11018 | D:9      | Reached skill level 8 in Fighting
 11411 | D:10     | Entered Level 10 of the Dungeon
 11411 | D:10     | Found a staircase to the Lair.
 11413 | D:10     | Found a sparkling altar of Nemelex Xobeh.
 11435 | D:10     | Found a transporter.
 11495 | D:10     | Reached skill level 5 in Air Magic
 12141 | D:10     | Reached skill level 6 in Air Magic
 12768 | Lair:1   | Entered Level 1 of the Lair of Beasts
 12799 | D:10     | Found a transporter.
 13003 | D:3      | Killed Drangen's ghost
 13475 | Lair:1   | Found a transporter.
 13488 | Lair:1   | Reached skill level 7 in Air Magic
 13671 | Lair:1   | Found a transporter.
 13833 | Lair:1   | Reached skill level 8 in Air Magic
 14523 | Lair:1   | Noticed a swamp dragon
 14524 | Lair:1   | Noticed a swamp dragon
 14524 | Lair:1   | Noticed a swamp dragon
 14657 | Lair:2   | Reached skill level 9 in Air Magic
 14848 | Lair:2   | Reached XP level 12. HP: 53/92 MP: 11/26
 15281 | Lair:2   | Found a staircase to the Swamp.
 15434 | Lair:2   | Noticed Fannar
 15443 | Lair:2   | Killed Fannar
 15444 | Lair:2   | Reached skill level 10 in Air Magic
 15444 | Lair:2   | Reached skill level 1 in Armour
 15944 | Lair:2   | Noticed a boulder beetle
 15966 | Lair:2   | Noticed a boulder beetle
 15977 | Lair:2   | Killed a boulder beetle
 15978 | Lair:2   | Reached skill level 2 in Armour
 15978 | Lair:2   | Reached skill level 2 in Dodging
 16100 | Lair:2   | Killed a boulder beetle
 16602 | Lair:3   | Noticed a four-headed hydra
 16610 | Lair:3   | Killed a four-headed hydra
 16611 | Lair:3   | Reached skill level 3 in Armour
 16611 | Lair:3   | Reached skill level 3 in Dodging
 16809 | Lair:3   | Reached skill level 5 in Evocations
 17080 | Lair:3   | Noticed a six-headed hydra
 17083 | Lair:3   | Killed a six-headed hydra
 17307 | Lair:3   | Noticed a seven-headed hydra
 17313 | Lair:3   | Killed a seven-headed hydra
 17314 | Lair:3   | Reached skill level 4 in Armour
 17314 | Lair:3   | Reached skill level 4 in Dodging
 17479 | Lair:3   | Reached skill level 6 in Evocations
 18040 | Lair:3   | Noticed a six-headed hydra
 18045 | Lair:3   | Killed a six-headed hydra
 18046 | Lair:3   | Reached skill level 7 in Evocations
 18229 | Lair:3   | Found a staircase to the Snake Pit.
 18711 | Lair:3   | Gained mutation: You are strongly in touch with the powers
                  | of death. [Mummy growth]
 18711 | Lair:3   | Reached XP level 13. HP: 81/98 MP: 18/27
 19420 | Lair:4   | Noticed Nessos
 19421 | Lair:4   | Nessos changed into Nessos the cane toad
 19421 | Lair:4   | Noticed Nessos
 19429 | Lair:4   | Killed Nessos the cane toad
 19683 | Lair:4   | Reached skill level 8 in Evocations
 19855 | Lair:4   | Found a viscous altar of Jiyva.
 19951 | Lair:4   | Found a staircase to the Slime Pits.
 20426 | Lair:5   | Entered Level 5 of the Lair of Beasts
 21365 | Lair:5   | Found a hazy altar of Hepliaklqana.
 21580 | Lair:5   | Reached skill level 5 in Armour
 21585 | Lair:5   | Reached skill level 1 in Shields
 21886 | Lair:5   | Reached skill level 11 in Spellcasting
 21992 | Lair:5   | Reached skill level 9 in Fighting
 22310 | Lair:5   | Reached skill level 2 in Shields
 23593 | Lair:5   | Reached skill level 3 in Shields
 23653 | Lair:5   | Reached skill level 6 in Armour
 25068 | Lair:5   | Reached XP level 14. HP: 109/109 MP: 29/29
 25776 | D:11     | Identified the +5 chain mail of Faracy {^Drain rPois rN+
                  | MP+9}
 25961 | D:11     | Reached skill level 12 in Spellcasting
 26500 | D:11     | Learned a level 5 spell: Freezing Cloud
 26542 | D:11     | Reached skill level 10 in Fighting
 27011 | D:12     | Reached skill level 1 in Conjurations
 27148 | D:11     | Reached skill level 4 in Shields
 27365 | D:11     | Reached skill level 2 in Conjurations
 28037 | D:12     | Reached skill level 3 in Conjurations
 28604 | D:12     | Reached skill level 7 in Armour
 28752 | D:12     | Found a staircase to the Orcish Mines.
 28766 | Orc:1    | Entered Level 1 of the Orcish Mines
 28790 | Orc:1    | Reached skill level 4 in Conjurations
 29962 | Orc:2    | Entered Level 2 of the Orcish Mines
 29962 | Orc:2    | Found a staircase to the Elven Halls.
 30449 | Orc:2    | Noticed an orc warlord
 30497 | Orc:2    | Reached skill level 5 in Conjurations
 30634 | Orc:2    | Noticed Azrael
 30644 | Orc:2    | Killed Azrael
 31722 | Orc:2    | Reached skill level 6 in Conjurations
 32362 | Orc:2    | Reached skill level 8 in Armour
 32548 | Orc:2    | Killed an orc warlord
 33341 | Orc:2    | Found Kudid's Jewellery Shoppe.
 33362 | Orc:2    | Found Xamiaqyn's Antique Armour Shoppe.
 33387 | Orc:2    | Found Soixero's Antique Weapon Shoppe.
 33394 | Orc:2    | Found Ymoikem's General Store.
 33441 | Orc:2    | Bought a distressingly furry helmet for 275 gold pieces
 33441 | Orc:2    | Identified the +2 helmet of Pistid {Rampage *Slow rElec}
                  | (You bought it in a shop on level 2 of the Orcish Mines)
 33443 | Orc:2    | Bought an embroidered cloak for 217 gold pieces
 33471 | Orc:2    | Bought a ring of protection from fire for 325 gold pieces
 34551 | D:13     | Found a gate to the Vaults.
 34569 | D:13     | Reached XP level 15. HP: 115/115 MP: 31/31
 34695 | D:13     | Reached skill level 7 in Conjurations
 34860 | D:13     | Noticed a tengu reaver
 34870 | D:13     | Killed a tengu reaver
 34871 | D:13     | Reached skill level 13 in Spellcasting
 36511 | D:14     | Found a gate leading to a gauntlet.
 36520 | Gauntlet | Entered a Gauntlet
 36520 | Gauntlet | Found a transporter.
 36520 | Gauntlet | Found a transporter.
 36590 | Gauntlet | Found a transporter.
 36594 | Gauntlet | Found a transporter.
 36602 | Gauntlet | Found a transporter.
 36606 | Gauntlet | Found a transporter.
 36614 | Gauntlet | Found a transporter.
 36627 | Gauntlet | Found a transporter.
 36646 | Gauntlet | Found a transporter.
 36650 | Gauntlet | Found a transporter.
 36654 | Gauntlet | Found a runed translucent door.
 36654 | Gauntlet | Found a runed translucent door.
 36658 | Gauntlet | Found a transporter.
 36662 | Gauntlet | Found a transporter.
 37631 | D:14     | Reached skill level 8 in Conjurations
 37816 | D:14     | Reached skill level 14 in Spellcasting
 37892 | D:14     | Noticed Rupert
 37893 | D:14     | Paralysed by Rupert for 2 turns
 37899 | D:14     | Killed Rupert
 38130 | D:14     | Identified a scroll of acquirement
 38878 | D:14     | Acquired 729 gold pieces
 38908 | D:15     | Entered Level 15 of the Dungeon
 38969 | D:15     | Reached skill level 15 in Spellcasting
 39458 | D:15     | Noticed Kirke
 39464 | D:15     | Killed Kirke
 39465 | D:15     | Reached skill level 5 in Dodging
 39592 | D:15     | Noticed Agnes
 39597 | D:15     | Killed Agnes
 40367 | D:15     | Reached skill level 9 in Conjurations
 40662 | D:15     | Reached skill level 6 in Dodging
 40825 | D:15     | Found a staircase to the Depths.
 40827 | D:15     | Identified the +0 ring mail of Hiodem {rN+ rCorr Str+4
                  | Int-2}
 41231 | D:7      | Killed lis82's ghost
 41400 | Lair:1   | Reached XP level 16. HP: 93/122 MP: 23/35
 41548 | Swamp:1  | Entered Level 1 of the Swamp
 41638 | Swamp:1  | Identified the serpent talisman of Responsibility {rN+
                  | Str+3}
 41638 | Swamp:1  | Noticed Aizul
 41649 | Swamp:1  | Killed Aizul
 42451 | Swamp:1  | Reached skill level 7 in Dodging
 42505 | Swamp:2  | Noticed a thorn hunter
 42518 | Swamp:2  | Killed a thorn hunter
 43232 | Swamp:2  | Learned a level 1 spell: Apportation
 43238 | Swamp:2  | Acquired 784 gold pieces
 44727 | Swamp:3  | Found a runed translucent gate.
 44727 | Swamp:3  | Found a runed translucent gate.
 44727 | Swamp:3  | Found a runed translucent gate.
 44770 | Swamp:3  | Reached skill level 10 in Ice Magic
 44783 | Swamp:3  | Noticed fly's ghost (adept KoDe)
 44783 | Swamp:3  | Noticed Zacwoi's ghost (adept BaHs)
 44785 | Swamp:3  | Noticed Peot's ghost (adept MiFi)
 44892 | Swamp:3  | Reached skill level 8 in Dodging
 45749 | Swamp:3  | Reached skill level 11 in Ice Magic
 45900 | Swamp:4  | Entered Level 4 of the Swamp
 47129 | Swamp:4  | Noticed the 27-headed Lernaean hydra
 47140 | Swamp:4  | Killed the 27-headed Lernaean hydra
 47251 | Swamp:4  | Reached skill level 12 in Ice Magic
 47339 | Swamp:4  | Reached XP level 17. HP: 128/128 MP: 29/36
 47367 | Swamp:4  | Reached skill level 5 in Shields
 47643 | Swamp:4  | Got a decaying rune of Zot
 48004 | Snake:1  | Entered Level 1 of the Snake Pit
 48622 | Snake:1  | Identified the +1 robe "Erghuc" {Will++}
 49445 | Snake:2  | Found a large runed translucent door.
 49445 | Snake:2  | Found a large runed translucent door.
 49684 | Snake:2  | Reached skill level 6 in Shields
 49685 | Snake:2  | Reached skill level 13 in Ice Magic
 50751 | Snake:2  | Noticed Kuunicon's ghost (adept DsGl)
 51441 | Snake:3  | Reached skill level 14 in Ice Magic
 52279 | Snake:4  | Entered Level 4 of the Snake Pit
 53298 | Snake:4  | Noticed Saint Roka
 53330 | Snake:4  | Killed Saint Roka
 53572 | Snake:4  | Reached skill level 15 in Ice Magic
 54113 | Snake:4  | Reached XP level 18. HP: 107/134 MP: 8/37
 55254 | Snake:4  | Reached skill level 16 in Ice Magic
 55311 | Snake:4  | Got a serpentine rune of Zot
 55393 | Snake:4  | Got the Precepts of Congregated Chilblains
 55413 | Snake:4  | Noticed Vashnia
 55430 | Snake:4  | Killed Vashnia
 55779 | Swamp:2  | Bought a book of Ice for 700 gold pieces
 55787 | Swamp:2  | Learned a level 7 spell: Ozocubu's Refrigeration
 55960 | Elf:1    | Entered Level 1 of the Elven Halls
 56893 | Elf:1    | Reached skill level 17 in Ice Magic
 58567 | Elf:2    | Found a huge runed translucent gate.
 58568 | Elf:2    | Found a huge runed translucent gate.
 58569 | Elf:2    | Found a huge runed translucent gate.
 58569 | Elf:2    | Found a huge runed translucent gate.
 58571 | Elf:2    | Found a huge runed translucent gate.
 58572 | Elf:2    | Found a huge runed translucent gate.
 58572 | Elf:2    | Found a huge runed translucent gate.
 58572 | Elf:2    | Found a huge runed translucent gate.
 58572 | Elf:2    | Found a huge runed translucent gate.
 58574 | Elf:2    | Found a huge runed translucent gate.
 58574 | Elf:2    | Found a huge runed translucent gate.
 58576 | Elf:2    | Found a huge runed translucent gate.
 58576 | Elf:2    | Found a huge runed translucent gate.
 58576 | Elf:2    | Found a huge runed translucent gate.
 58576 | Elf:2    | Found a huge runed translucent gate.
 58576 | Elf:2    | Found a huge runed translucent gate.
 58576 | Elf:2    | Found a huge runed translucent gate.
 58577 | Elf:2    | Found a huge runed translucent gate.
 58577 | Elf:2    | Found a huge runed translucent gate.
 58577 | Elf:2    | Found a huge runed translucent gate.
 59040 | Elf:2    | Reached XP level 19. HP: 142/142 MP: 29/38
 59072 | Elf:2    | Found a huge runed translucent gate.
 59072 | Elf:2    | Found a huge runed translucent gate.
 59074 | Elf:2    | Found a huge runed translucent gate.
 59074 | Elf:2    | Found a huge runed translucent gate.
 59075 | Elf:2    | Found a huge runed translucent gate.
 60838 | Elf:2    | Reached skill level 18 in Ice Magic
 61298 | Elf:3    | Entered Level 3 of the Elven Halls
 61757 | Elf:3    | Reached skill level 11 in Fighting
 62100 | Elf:3    | Reached skill level 16 in Spellcasting
 62553 | Elf:3    | Acquired 799 gold pieces
 62742 | Elf:3    | Paralysed by an air elemental for 1 turns
 63755 | Elf:3    | Identified the +8 trident of Jathreru {heavy, rElec rF-
                  | rCorr Str+2}
 63755 | Elf:3    | Found the ring of the Octopus King {Wiz HP+2 AC+2 EV+2
                  | SH+2}
 63855 | Elf:3    | Identified the ring "Quzellad" {Ice rPois Dex+3 Slay+3}
 64470 | Elf:3    | Identified the +1 trident of the Wasteland {pain, rF+
                  | Will+}
 64937 | Elf:3    | Identified the +9 mace of Golyur {protect, Str+5 Int+2}
 64937 | Elf:3    | Identified the ring of Nuacar Cibir {rN+ AC+4 Dex+3}
 65176 | Elf:3    | Found Iluddir's Armour Emporium.
 65533 | Elf:3    | Identified the +5 whip of Ascent {drain, rF++}
 65624 | Elf:3    | Identified the staff of the Loving Stork {Summ Earth}
 65883 | Vaults:1 | Entered Level 1 of the Vaults
 66426 | Vaults:1 | Identified the +3 plate armour of Shadows and Fog {Harm rF+
                  | Int+2}
 66551 | Vaults:1 | Reached skill level 12 in Fighting
 66667 | Vaults:1 | Reached skill level 19 in Ice Magic
 67120 | Vaults:1 | Reached XP level 20. HP: 153/153 MP: 36/40
 67208 | Vaults:1 | Reached skill level 17 in Spellcasting
 68039 | Vaults:1 | Learned a level 3 spell: Passwall
 68046 | Vaults:1 | Learned a level 6 spell: Sculpt Simulacrum
 69119 | Vaults:2 | Identified the +5 arbalest "Buabb" {drain, MP+9}
 70149 | Vaults:2 | Reached skill level 13 in Fighting
 70549 | Vaults:3 | Found Gozag's Antique Armour Shoppe.
 70591 | Vaults:3 | Found Gozag's Antique Weapon Emporium.
 70598 | Vaults:3 | Found an opulent altar of Gozag.
 70600 | Vaults:3 | Found Gozag's Antique Armour Emporium.
 71166 | Vaults:2 | Reached skill level 20 in Ice Magic
 71399 | Vaults:3 | Reached skill level 18 in Spellcasting
 71890 | Vaults:3 | Found a staircase to the Crypt.
 72651 | Vaults:3 | Reached XP level 21. HP: 164/164 MP: 39/43
 74164 | Vaults:4 | Reached skill level 14 in Fighting
 74566 | Vaults:4 | Identified the +0 falchion of the Foot {freeze, ^Drain
                  | Int+8}
 74627 | Vaults:4 | Noticed Sojobo
 74632 | Vaults:4 | Killed Sojobo
 75232 | Depths:1 | Entered Level 1 of the Depths
 75299 | Depths:1 | Found a shimmering altar of Xom.
 75549 | Depths:1 | Identified the +5 glaive of Fedhas's Respect {elec, Str+2}
 75584 | Depths:1 | Reached skill level 19 in Spellcasting
 75747 | Depths:1 | Found a gateway to Hell.
 76006 | Depths:1 | Reached skill level 21 in Ice Magic
 76632 | Depths:1 | Identified the +0 sling of Boas {flame, Will+++ rCorr Dex-3
                  | Stlth-}
 76634 | Depths:1 | Identified the ring "Voab Sui" {rC+ EV+5 Dex+2 SInv}
 77044 | Depths:2 | Found an iron altar of Okawaru.
 77388 | Depths:2 | Found a one-way gate to the infinite horrors of the Abyss.
 77634 | Depths:2 | Noticed a juggernaut
 77655 | Depths:2 | Killed a juggernaut
 78045 | Depths:2 | Noticed Vv
 79164 | Depths:2 | Reached skill level 15 in Fighting
 79588 | Depths:2 | Found a one-way gate leading to the halls of Pandemonium.
 79774 | Depths:2 | Found a one-way gateway to a ziggurat.
 80060 | Depths:2 | Reached XP level 22. HP: 175/175 MP: 28/45
 80286 | Depths:2 | Killed Vv
 81198 | Depths:2 | Reached skill level 20 in Spellcasting
 81316 | Depths:2 | Learned a level 9 spell: Polar Vortex
 81858 | Depths:3 | Reached skill level 22 in Ice Magic
 83230 | Depths:3 | Found a runed translucent door.
 83231 | Depths:3 | Noticed a golden dragon
 83344 | Depths:3 | Found a runed translucent door.
 83720 | Depths:3 | Found a runed translucent door.
 83760 | Depths:3 | Noticed a juggernaut
 83776 | Depths:3 | Killed a juggernaut
 84622 | Depths:4 | Entered Level 4 of the Depths
 84858 | Depths:4 | Found Dailefom's General Store.
 84862 | Depths:4 | Found Putejurgh's Distillery.
 84862 | Depths:4 | Found Uhesk's Antique Armour Emporium.
 84940 | Depths:4 | Found Rousch Razea's Antique Armour Shoppe.
 84948 | Depths:4 | Bought a jewelled leather armour for 231 gold pieces
 84948 | Depths:4 | Identified the +0 leather armour of Mezcal {rElec Int+5}
                  | (You bought it in a shop on level 4 of the Depths)
 86033 | Depths:4 | Reached skill level 23 in Ice Magic
 86117 | Depths:4 | Noticed a golden dragon
 86124 | Depths:4 | Killed a golden dragon
 86243 | Depths:4 | Found a gate to the Realm of Zot.
 86316 | Depths:4 | Found Lunuiroj's Jewellery Emporium.
 86415 | Depths:4 | Reached skill level 21 in Spellcasting
 87185 | Slime:1  | Entered Level 1 of the Pits of Slime
 88884 | Slime:3  | Reached XP level 23. HP: 158/181 MP: 37/48
 90624 | Slime:5  | Entered Level 5 of the Pits of Slime
 90624 | Slime:5  | Found the +8 longbow "Zephyr" {speed, Dex+3 SInv}
 90713 | Slime:5  | Noticed Donald
 90717 | Slime:5  | Killed Donald
 91721 | Slime:5  | Noticed the Royal Jelly
 91728 | Slime:5  | Killed the Royal Jelly
 91729 | Slime:5  | Reached skill level 7 in Shields
 92123 | Slime:5  | Identified the +1 sling "Unohaat" {freeze, rElec Dex+6}
 92124 | Slime:5  | Identified the +8 sling of Inflation {freeze, rElec Dex+4}
 92127 | Slime:5  | Got a slimy rune of Zot
 92163 | Slime:5  | Identified the +6 battleaxe of Tateagoom {freeze, rC+ rN+
                  | SInv}
 92179 | Slime:5  | Identified the +3 robe "Wazawapp" {rElec Str+5 Dex-5}
 92208 | Slime:5  | Identified the ring "Ruine" {rElec Dex+6}
 93289 | Vaults:3 | Bought a bloodstained hand cannon for 850 gold pieces
 93289 | Vaults:3 | Identified the +4 hand cannon of Destiny {elec, Fly rCorr
                  | Dex+4} (You bought it in a shop on level 3 of the Vaults)
 93307 | Crypt:1  | Entered Level 1 of the Crypt
 93752 | Crypt:1  | Learned a level 2 spell: Blink
 95281 | Crypt:1  | Got the Opusculum on Wanderlust and Skeletons
 95338 | Crypt:1  | Acquired 1192 gold pieces
 96671 | Crypt:2  | Found an ancient bone altar of Kikubaaqudgha.
 96678 | Crypt:2  | Got the Anthology of the Mausoleum
 97476 | Crypt:3  | Entered Level 3 of the Crypt
 97485 | Crypt:2  | Reached skill level 8 in Shields
 97485 | Crypt:2  | Reached skill level 22 in Spellcasting
 97558 | Crypt:2  | Reached skill level 1 in Throwing
 97731 | Crypt:3  | Noticed Grunn
 97732 | Crypt:3  | Noticed a royal mummy
 97732 | Crypt:3  | Noticed Khufu
 97887 | Crypt:3  | Reached skill level 2 in Throwing
 98488 | D:9      | Bought 3 boomerangs for 102 gold pieces
 98565 | D:6      | Bought 4 boomerangs for 120 gold pieces
 99213 | Crypt:3  | Identified the +1 trident "Docleicofa" {antimagic, rElec
                  | Will++}
 99611 | Crypt:3  | Killed Grunn
 99619 | Crypt:2  | Reached skill level 3 in Throwing
 99895 | Crypt:2  | Killed a royal mummy
100078 | Crypt:2  | Killed Khufu
100739 | Crypt:3  | Noticed a curse toe
100746 | Crypt:3  | Killed a curse toe
100786 | Crypt:3  | Reached XP level 24. HP: 188/188 MP: 39/49
100872 | Crypt:3  | Found the +5 scythe "Finisher" {speed, execute}
100873 | Crypt:3  | Found the +2 cloak of the Thief {*Fog Slay-2 SInv Stlth+}
100939 | Crypt:3  | Found a staircase to the Tomb.
101376 | Crypt:3  | Reached skill level 4 in Throwing
101376 | Crypt:3  | Reached skill level 9 in Shields
101486 | Crypt:3  | Identified the +9 hand axe of the Wolf {freeze, +Blink
                  | rElec rF- SInv}
101494 | Crypt:3  | Got the Anthology of the Shifting Snake
101679 | Crypt:3  | Upgraded the game from 0.32-a0-39-g5c88369fb2 to
                  | 0.32-a0-119-g2e8054a333
101818 | Vaults:5 | Entered Level 5 of the Vaults
101820 | Vaults:5 | Noticed an ancient lich
102047 | Vaults:5 | Noticed a dread lich
102062 | Vaults:5 | Killed a dread lich
103042 | Vaults:5 | Reached skill level 5 in Throwing
104098 | Vaults:5 | Reached skill level 23 in Spellcasting
104341 | Vaults:5 | Identified the +7 sling of Ash {antimagic, Fly rPois rCorr}
104814 | Vaults:5 | Reached skill level 10 in Shields
104922 | Vaults:5 | Reached skill level 6 in Throwing
105652 | Vaults:5 | Killed an ancient lich
106038 | Vaults:5 | Reached skill level 7 in Throwing
106759 | Vaults:5 | Noticed a dread lich
106769 | Vaults:5 | Paralysed by a dread lich for 4 turns
106781 | Vaults:5 | Killed a dread lich
106894 | Vaults:5 | Reached skill level 11 in Shields
107157 | Vaults:5 | Got a silver rune of Zot
107329 | Vaults:5 | Reached skill level 24 in Spellcasting
107370 | Vaults:5 | Identified the scarf of Intercession {rC+ rF+, -Tele rN+
                  | Int+5}
107486 | Vaults:5 | Reached skill level 8 in Throwing
109500 | Zot:1    | Entered Level 1 of the Realm of Zot
109675 | Zig:1    | Entered Level 1 of a ziggurat
109709 | Zig:2    | Entered Level 2 of a ziggurat
109776 | Zig:3    | Entered Level 3 of a ziggurat
109783 | Zig:3    | Reached XP level 25. HP: 194/194 MP: 27/51
109863 | Zig:4    | Entered Level 4 of a ziggurat
109863 | Zig:4    | Noticed a dread lich
109869 | Zig:4    | Paralysed by a dread lich for 2 turns
109871 | Zig:4    | Killed a dread lich
109872 | Zig:4    | Reached skill level 24 in Ice Magic
110013 | Zig:4    | Identified the amulet "Kosesm" {Reflect MP+9 SH+5}
110054 | Zig:5    | Entered Level 5 of a ziggurat
110145 | Zig:5    | Identified the +6 battleaxe "Jiyqitoo" {flame, rC+ Will+
                  | Int+3}
110154 | Zig:6    | Entered Level 6 of a ziggurat
110158 | Zig:6    | Noticed a dread lich
110167 | Zig:6    | Killed a dread lich
110331 | Zig:7    | Entered Level 7 of a ziggurat
110600 | Zig:8    | Entered Level 8 of a ziggurat
110789 | Zig:8    | Identified the ring of Starshine {rElec Int+6}
110810 | Zig:8    | Identified the +6 falchion of Saltpetre {freeze, rElec
                  | rCorr}
110828 | Zig:9    | Entered Level 9 of a ziggurat
110834 | Zig:9    | Noticed an ancient lich
110834 | Zig:9    | Noticed a dread lich
110841 | Zig:9    | Killed a dread lich
110842 | Zig:9    | Killed an ancient lich
110843 | Zig:9    | Reached skill level 9 in Throwing
110893 | Zig:9    | Identified the +0 robe of Filigreed Brilliance {Fly rF- rN+
                  | Int+4}
110895 | Zig:9    | Got the Tome of the Geologist and Calefaction
110901 | Zig:9    | Got the Omnibus of Serendipity
111040 | Zig:10   | Entered Level 10 of a ziggurat
111058 | Zig:10   | Reached skill level 12 in Shields
111196 | Zig:10   | Identified the +1 leather armour of Kijaxte {-Tele Fly
                  | Str+4 Int+3}
111199 | Zig:10   | Identified the amulet "Yveekeaf" {Reflect rElec rPois rCorr
                  | SH+5}
111307 | Pan      | Entered Pandemonium
111712 | Pan      | Reached skill level 1 in Staves
111962 | Pan      | Reached skill level 2 in Staves
111984 | Pan      | Noticed Jywische the pandemonium lord
111995 | Pan      | Reached skill level 3 in Staves
112017 | Pan      | Killed Jywische the pandemonium lord
112760 | Pan      | Reached skill level 25 in Spellcasting
112980 | Pan      | Learned a level 4 spell: Vhi's Electric Charge
112986 | Pan      | Learned a level 5 spell: Yara's Violent Unravelling
113572 | Pan      | Reached skill level 4 in Staves
114441 | Pan      | Reached skill level 10 in Throwing
116289 | Pan      | Glimpsed the power of Zot.
116343 | Pan      | Reached skill level 13 in Shields
116431 | Pan      | Reached XP level 26. HP: 201/201 MP: 52/52
116732 | Pan      | Identified the amulet "Urghuq" {Faith Slay+5}
117090 | Pan      | Identified the +3 falchion of Charity {heavy, Int+3}
117111 | Pan      | Reached skill level 11 in Throwing
117799 | Pan      | Found an exit through the horrors of the Abyss.
118064 | Pan      | Noticed Faifa the pandemonium lord
118078 | Pan      | Killed Faifa the pandemonium lord
118599 | Pan      | Reached skill level 14 in Shields
119217 | Pan      | Reached skill level 12 in Throwing
119589 | Pan      | Found an exit through the horrors of the Abyss.
120752 | Pan      | Reached skill level 15 in Shields
120752 | Pan      | Reached skill level 1 in Invocations
120861 | Pan      | Reached skill level 2 in Invocations
121145 | Pan      | Reached skill level 3 in Invocations
121518 | Pan      | Reached skill level 4 in Invocations
122139 | Pan      | Reached skill level 5 in Invocations
122323 | Pan      | Acquired 990 gold pieces
122324 | Pan      | Acquired 682 gold pieces
122325 | Pan      | Acquired 831 gold pieces
122949 | Pan      | Reached skill level 6 in Invocations
123599 | Pan      | Reached skill level 7 in Invocations
123853 | Pan      | Noticed Qarocuf the pandemonium lord
123861 | Pan      | Killed Qarocuf the pandemonium lord
123862 | Pan      | Reached skill level 8 in Invocations
124084 | Pan      | Acquired 793 gold pieces
124087 | Pan      | Reached skill level 9 in Invocations
124531 | Pan      | Reached skill level 10 in Invocations
124542 | Pan      | Got a demonic rune of Zot
124779 | Pan      | Reached XP level 27. HP: 207/207 MP: 42/52
125997 | Pan      | Reached skill level 11 in Invocations
127500 | Pan      | Reached skill level 12 in Invocations
127845 | Pan      | Noticed Loguur the pandemonium lord
127865 | Pan      | Killed Loguur the pandemonium lord
127868 | Pan      | Reached skill level 13 in Invocations
128143 | Depths:2 | Escaped Pandemonium
128497 | Depths:4 | Reached skill level 14 in Invocations
129840 | Zot:2    | Noticed a dread lich
129849 | Zot:2    | Reached skill level 15 in Invocations
129854 | Zot:1    | Killed a dread lich
130611 | Zot:2    | Reached skill level 16 in Invocations
132357 | Zot:3    | Reached skill level 17 in Invocations
133821 | Zot:4    | Reached skill level 18 in Invocations
135468 | Zot:4    | Reached skill level 19 in Invocations
135664 | Zot:5    | Entered Level 5 of the Realm of Zot
135968 | Zot:5    | Noticed an orb of fire
135974 | Zot:5    | Killed an orb of fire
136536 | Zot:5    | Reached skill level 20 in Invocations
137352 | Zot:5    | Noticed a dread lich
137362 | Zot:5    | Killed a dread lich
138888 | Zot:5    | Identified the +4 mace of Imminent Death {flame, Will++
                  | Str+5}
139099 | Zot:5    | Noticed an ancient lich
139113 | Zot:5    | Killed an ancient lich
139510 | Zot:5    | Noticed a dread lich
139517 | Zot:5    | Killed a dread lich
139873 | Zot:5    | Reached skill level 21 in Invocations
140866 | Zot:5    | Noticed an orb of fire
140881 | Zot:5    | Killed an orb of fire
141665 | Zot:5    | Noticed an orb of fire
141673 | Zot:5    | Killed an orb of fire
141789 | Zot:5    | Noticed an orb of fire
141802 | Zot:5    | Killed an orb of fire
143028 | Zot:5    | Noticed a dread lich
143036 | Zot:5    | Killed a dread lich
143105 | Zot:5    | Reached skill level 22 in Invocations
145888 | Tomb:1   | Entered Level 1 of the Tomb of the Ancients
146334 | Tomb:1   | Identified the +4 rapier "Loed Xumm" {heavy, Str+5 Dex+3}
147032 | Tomb:1   | Reached skill level 23 in Invocations
147208 | Tomb:1   | Noticed a royal mummy
147215 | Tomb:1   | Killed a royal mummy
147216 | Tomb:1   | Noticed a royal mummy
147226 | Tomb:1   | Killed a royal mummy
147834 | Tomb:2   | Noticed a royal mummy
147835 | Tomb:2   | Noticed a royal mummy
147839 | Tomb:2   | Noticed a royal mummy
147839 | Tomb:2   | Noticed a royal mummy
147839 | Tomb:2   | Noticed a royal mummy
147841 | Tomb:2   | Killed a royal mummy
147847 | Tomb:2   | Killed a royal mummy
147850 | Tomb:2   | Killed a royal mummy
147853 | Tomb:2   | Killed a royal mummy
147854 | Tomb:2   | Killed a royal mummy
148627 | Tomb:2   | Identified the +1 falchion of Patterns {drain, rF+}
148794 | Tomb:1   | Reached skill level 24 in Invocations
148795 | Tomb:1   | Noticed a royal mummy
148795 | Tomb:1   | Noticed a royal mummy
148795 | Tomb:1   | Noticed a royal mummy
148800 | Tomb:1   | Killed a royal mummy
148800 | Tomb:1   | Killed a royal mummy
148804 | Tomb:1   | Noticed a royal mummy
148805 | Tomb:1   | Killed a royal mummy
148815 | Tomb:1   | Killed a royal mummy
148815 | Tomb:1   | Noticed a royal mummy
148822 | Tomb:1   | Killed a royal mummy
149167 | Tomb:1   | Noticed a royal mummy
149174 | Tomb:1   | Noticed a royal mummy
149178 | Tomb:1   | Killed a royal mummy
149179 | Tomb:1   | Noticed a royal mummy
149182 | Tomb:1   | Noticed a royal mummy
149190 | Tomb:1   | Killed a royal mummy
149192 | Tomb:1   | Killed a royal mummy
149194 | Tomb:1   | Killed a royal mummy
149197 | Tomb:1   | Noticed a royal mummy
149204 | Tomb:1   | Killed a royal mummy
149385 | Tomb:1   | Noticed a royal mummy
149385 | Tomb:1   | Noticed a royal mummy
149386 | Tomb:1   | Noticed a royal mummy
149397 | Tomb:1   | Noticed a royal mummy
149399 | Tomb:1   | Killed a royal mummy
149401 | Tomb:1   | Killed a royal mummy
149402 | Tomb:1   | Killed a royal mummy
149403 | Tomb:1   | Noticed a royal mummy
149417 | Tomb:1   | Killed a royal mummy
149419 | Tomb:1   | Killed a royal mummy
149608 | Tomb:2   | Reached skill level 25 in Invocations
150453 | Depths:2 | Voluntarily entered the Abyss.
150453 | Abyss:1  | Found a corrupted altar of Lugonu.
150567 | Abyss:1  | Noticed an ancient lich
150575 | Abyss:1  | Killed an ancient lich
150764 | Depths:2 | Escaped the Abyss
150803 | Depths:2 | Voluntarily entered the Abyss.
150819 | Abyss:1  | Found a corrupted altar of Lugonu.
150830 | Abyss:1  | Found a corrupted altar of Lugonu.
150858 | Abyss:1  | Found a corrupted altar of Lugonu.
151087 | Depths:2 | Escaped the Abyss
151117 | Depths:2 | Voluntarily entered the Abyss.
151181 | Abyss:1  | Noticed an ancient lich
151190 | Abyss:1  | Killed an ancient lich
151344 | Depths:2 | Escaped the Abyss
151545 | Depths:2 | Voluntarily entered the Abyss.
151654 | Abyss:1  | Found a corrupted altar of Lugonu.
151797 | Abyss:1  | Found a burning altar of Makhleb.
151798 | Abyss:1  | Found a burning altar of Makhleb.
151798 | Abyss:1  | Found a burning altar of Makhleb.
151828 | Depths:2 | Escaped the Abyss
151839 | Depths:2 | Voluntarily entered the Abyss.
152112 | Depths:2 | Escaped the Abyss
152137 | Depths:2 | Voluntarily entered the Abyss.
152137 | Abyss:1  | Found a corrupted altar of Lugonu.
152229 | Abyss:1  | Reached skill level 26 in Invocations
152298 | Abyss:1  | Found a corrupted altar of Lugonu.
152324 | Abyss:1  | Found a corrupted altar of Lugonu.
152817 | Depths:2 | Escaped the Abyss
152842 | Depths:2 | Voluntarily entered the Abyss.
152896 | Abyss:1  | Found a large runed translucent door.
152896 | Abyss:1  | Found a large runed translucent door.
152898 | Abyss:1  | Found a large runed translucent door.
152898 | Abyss:1  | Found a large runed translucent door.
152898 | Abyss:1  | Found a large runed translucent door.
152898 | Abyss:1  | Found a large runed translucent door.
153132 | Depths:2 | Escaped the Abyss
153244 | Hell     | Entered the Vestibule of Hell
153244 | Hell     | Noticed Geryon
153250 | Hell     | Killed Geryon
154048 | Hell     | Found a gateway to the ashen valley of Gehenna.
154647 | Hell     | Found a gateway to the Iron City of Dis.
154890 | Hell     | Found a gateway to the freezing wastes of Cocytus.
154905 | Hell     | Reached skill level 27 in Invocations
155112 | Hell     | Found a gateway to the decaying netherworld of Tartarus.
155566 | Zot:5    | Got the Orb of Zot
155749 | Zot:1    | Noticed Ynymer the pandemonium lord
155798 | Depths:4 | Noticed Kesoeph the pandemonium lord
155801 | Depths:4 | Noticed an ancient lich
156294 | D:1      | Reached skill level 16 in Fighting
156476 | D:$      | Escaped with the Orb!

Illustrated notes

Levels and vault maps discovered:
D:1:      dpeg_arrival_refuge, layout_basic, st_stairs_1,
          nicolae_houndstooth_variations
D:2:      cheibrodos_old_hovel, layout_basic, serial_shops, shop, basic_altar,
          chequers_serial_rivers_small_3, minmay_misc_feat_tiny,
          grunt_ministairs_10, serial_bayou_lake_a
D:3:      minmay_angry_zag, layout_rooms, ebering_ecumenical_altar_sacrificial,
          gammafunk_ghost_necromancy
D:4:      layout_cave_pools, minmay_misc_feat_alley
D:5:      wander_guarded_unrand_ratskin, layout_basic, old_standard_altar,
          dk_noncrumbling_2
D:6:      layout_rooms, minmay_temple_entry_slanted, minmay_shop_grid_forest,
          kennysheep_small_spiral, minmay_misc_feat_cross, uniq_pikel,
          uniq_duvessa
D:7:      layout_basic, demons_altar, ashenzari_conservatory_becter,
          ebering_ghost_rock_garden, enter_bailey_2
D:8:      layout_basic, kennysheep_generic_room_8
D:9:      nzn_winding_woodlands_three_and_one
          [nzn_winding_woodlands_5x15_concentric,
          nzn_winding_woodlands_5x15_pathside_ponds,
          nzn_winding_woodlands_5x15_zeroes,
          nzn_winding_woodlands_center_diamonds], layout_long_grid,
          chequers_temple_overflow_statue_of_worship, serial_shops,
          nicolae_shop_tiny_real_fake_doors, nicolae_zig_zag_zippers
D:10:     kennysheep_ambush_hall, layout_rooms,
          nemelex_xobeh_ov_fountains_minmay, nicolae_diode_stairs
D:11:     layout_loops_ring
D:12:     layout_roguey, orc_0_dummy
D:13:     minmay_textured_paths, layout_long_grid, hellmonk_vaults_keyhole
D:14:     layout_long_grid, nicolae_hexahallways, gauntlet_entry_generic,
          hex_tiny, minivault_8, uniq_rupert
D:15:     hellmonk_depths_entry_around_the_bend, layout_small_grid,
          elyvilon_altar_1, uniq_agnes, uniq_kirke
Temple:   eino_temple_scatter_basement
Lair:1:   gammafunk_cloud_chamber, layout_regular_city
Lair:2:   layout_regular_city, swamp_mist_pool, uniq_fannar
Lair:3:   layout_cave_pods, guppyfry_snake_entry_island, dpeg_oklob_1
Lair:4:   layout_loops_ring, slime_entry_2, grunt_megastairs_2, uniq_nessos
Lair:5:   evilmike_catoblepas_cave, layout_long_grid, basic_altar, st_stairs_8,
          serial_bayou_shore_b
Swamp:1:  layout_basic_swamp, nicolae_swamp_orc_logging_accident, swamp_pool_5,
          uniq_aizul
Swamp:2:  layout_basic_swamp, evilmike_swamp_ruin_rubble_1, swamp_pool_4
Swamp:3:  layout_falls_marsh, gammafunk_ghost_cemetery,
          evilmike_swamp_ruin_house_2, swamp_pool_1_2,
          tekkud_bubbles_buried_in_this_jungle
Swamp:4:  swamp_old_school, layout_basic_swamp, swamp_pool_1_2
Snake:1:  layout_honeycomb, nicolae_snake_gridmaze_big_u
Snake:2:  layout_grid_shapes, ebering_ghost_disaster_area
Snake:3:  layout_grid_maze
Snake:4:  johnstein_snake_rune_scales, layout_misc_corridors,
          grunt_megastairs_4, uniq_saint_roka
Slime:1:  layout_caves, cheibrodos_slime_lost_civilization_4
Slime:2:  layout_caves
Slime:3:  layout_caves
Slime:4:  layout_caves
Slime:5:  slime_pit_nicolae_jellycorners, uniq_donald
Orc:1:    layout_caves, serial_shops
Orc:2:    grunt_orc_cross, layout_caves, uniq_azrael
Elf:1:    nicolae_elf_arrival_fired_up, layout_onion_city,
          portal_desolation_entry_garden, nicolae_elf_blasts_and_bolts
Elf:2:    elven_hall_of_blades_hangedman_alternative [nicolae_blade_tridents],
          layout_gridlike, hangedman_elf_represent
Elf:3:    minmay_elf_hall_not_hex, layout_geoelf_castle, serial_shops,
          nicolae_shop_pleasant_corner_grove, corexii_hall_statues_deadend
Vaults:1: v_alt_pattern_2, nicolae_vaults_bisected_exclaves,
          nicolae_vaults_meiosis, vaults_mumra_minichess, ontoclasm_vaults_chip,
          nicolae_vaults_cornered_office, hangedman_vaults_stretched_pinwheel,
          nicolae_vaults_little_ls, nicolae_vaults_offset_grid_hallway_4,
          vaults_mumra_chevron_long, ontoclasm_vaults_gateway,
          nicolae_vaults_security_offices_4, layout_vaults_maze
Vaults:2: ontoclasm_vaults_ring_small, nicolae_vaults_trapezoid_3,
          nicolae_vaults_stepped_doors, nicolae_vaults_little_squares_1,
          nicolae_vaults_surprise_closet_hard, nicolae_vaults_six-pack,
          vaults_room_semicircle, nicolae_vaults_sesquioval_fish,
          nicolae_vaults_trapezoid_1, nicolae_vaults_yaktaur_gun_rack,
          nicolae_vaults_surprise_closet, nicolae_vaults_trapezoid_lopsided_3,
          layout_vaults_chaotic_city
Vaults:3: vaults_room_grid, hangedman_vaults_cutoff, v_rooms_3,
          hangedman_vaults_pinch, kennysheep_vaults_gozag_temple,
          grunt_vaults_focal, nicolae_vaults_little_squares_5,
          minmay_crypt_entry_simple_box, nicolae_vaults_double_plus_3,
          nicolae_vaults_tetromino_T_2, nicolae_vaults_network_star,
          nicolae_vaults_door_testing_chamber, nicolae_vaults_sealed_display,
          ontoclasm_vaults_pinch, layout_vaults_omnibox
Vaults:4: ontoclasm_vaults_ring_small, nicolae_vaults_lightning_bolt,
          hangedman_vaults_river_flow, nicolae_vaults_shelves_hall,
          nicolae_vaults_wrenched, st_cells, nicolae_vaults_trapezoid_4,
          nicolae_vaults_house_3, layout_vaults_omnigrid, uniq_sojobo
Vaults:5: serial_shops
Crypt:1:  layout_misc_corridors, grunt_crypt_arrival_split, grunt_megastairs_1
Crypt:2:  layout_basic, weyrava_vampire_temple
Crypt:3:  david_glass_crypt, layout_rooms, uniq_khufu, uniq_grunn
Tomb:1
Tomb:2
Depths:1: layout_twisted_cross, hangedman_tar_grid_catacomb,
          hangedman_abyss_or_decor_lesser_grid, serial_glass, glass_columns_c,
          glass_columns_a, glass_columns_c, glass_columns_b, glass_columns_c,
          glass_columns_b, due_unseen_surprise, minmay_strange_pillars,
          minmay_strange_pillars, minmay_strange_pillars, led_xom_imps
Depths:2: minmay_bloctagon_deflated, layout_gridville, enter_ziggurat_e,
          okawaru_gym_becter, hell_entry, abyss_entry_crystal,
          grunt_pan_entry_zigzag, minmay_fractal_squares_gapless_7,
          minmay_staircase_bubble, uniq_vv
Depths:3: minmay_the_grid_triangle_9x9_rhombus_thin
          [minmay_the_grid_triangle_9x9_checkered,
          minmay_the_grid_triangle_9x9_prize_top_heavy,
          minmay_the_grid_triangle_9x9_fully_insulated_deathbox,
          minmay_the_grid_triangle_9x9_skeleton], layout_honeycomb,
          grunt_hell_entry_dis_mu, abyss_entry, rand_demon_pan_entry_7,
          infiniplex_staircase_split_hallway, serial_bayou,
          serial_bayou_shore_b, serial_bayou_pond_b, serial_bayou_pond_b,
          serial_bayou_pond_e
Depths:4: evilmike_zot_entry_gauntlet, layout_basic, grunt_metal_band,
          abyss_entry, serial_shops, shop, minmay_shoptagon
Hell
Zot:1:    layout_onion_interference, regret_index_zotdec_under_construction,
          grunt_megastairs_5
Zot:2:    ebering_klown_carousel, layout_cathedral_of_symmetry
Zot:3:    layout_onion
Zot:4:    lemuel_halls_of_wrath, layout_onion_interference,
          regret_index_zotdec_zees
Zot:5:    layout_misc_corridors

Skill      XL: |  1  2  3  4  5  6  7  8  9 10 11 12 13 14 15 16 17 18 19 20 21 22 23 24 25 26 27 |
---------------+----------------------------------------------------------------------------------+-----
Stealth        | 2 |  2.0
Spellcasting   | 3 4 5 6 8 10 11 12 15 16 18 19 21 22 24 25 | 25.0
Ice Magic      | 4 5 6 8 9 12 15 17 19 20 21 23 24 | 24.3
Fighting       | 1 2 4 7 8 9 10 12 13 15 16 | 16.0
Summonings     | 1 2 3 |  3.0
Air Magic      | 1 2 4 9 10 | 10.0
Evocations     | 4 7 8 |  8.0
Armour         | 4 6 8 |  8.0
Dodging        | 4 6 8 |  8.0
Shields        | 3 4 6 8 11 13 15 | 15.0
Conjurations   | 6 9 |  9.9
Throwing       | 3 8 10 12 | 12.0
Staves         | 4 |  4.0
Invocations    | 10 27 | 27.0

Action                     |  1- 3 |  4- 6 |  7- 9 | 10-12 | 13-15 | 16-18 | 19-21 | 22-24 | 25-27 || total
---------------------------+-------+-------+-------+-------+-------+-------+-------+-------+-------++-------
  Melee: Staff             |       |       |       |    25 |   173 |    80 |   102 |    63 |   402 ||   845
         Lajatang          |       |       |       |     9 |       |       |       |       |       ||     9
         Whip              |       |       |       |       |       |       |       |    17 |    15 ||    32
   Fire: Sling             |    89 |   165 |   206 |    67 |       |       |       |       |       ||   527
  Throw: Boomerang         |       |       |       |       |       |       |       |       |    99 ||    99
   Cast: Freeze            |    26 |    45 |    57 |    16 |    45 |     2 |       |       |       ||   191
         Frozen Ramparts   |     1 |    11 |    40 |    44 |    61 |     6 |       |       |       ||   163
         Ozocubu's Armour  |       |     1 |    21 |    29 |    34 |    17 |     6 |     1 |       ||   109
         Summon Ice Beast  |       |       |    19 |    35 |    57 |    18 |    17 |     5 |       ||   151
         Airstrike         |       |       |       |   243 |   762 |   849 |   201 |   209 |   108 ||  2372
         Freezing Cloud    |       |       |       |       |    28 |    92 |     3 |     1 |       ||   124
         Apportation       |       |       |       |       |       |     3 |       |       |     1 ||     4
         Ozocubu's Refrige |       |       |       |       |       |    86 |   715 |   604 |  1117 ||  2522
         Passwall          |       |       |       |       |       |       |     3 |       |       ||     3
         Polar Vortex      |       |       |       |       |       |       |       |   128 |   351 ||   479
         Sculpt Simulacrum |       |       |       |       |       |       |       |     3 |     3 ||     6
 Invoke: Potion Petition   |       |       |       |       |     1 |       |       |     6 |    25 ||    32
         Call Merchant     |       |       |       |       |       |     1 |       |       |       ||     1
  Evoke: Wand              |       |       |       |       |    10 |     1 |     4 |    27 |    75 ||   117
         Box of beasts     |       |       |       |       |       |       |     1 |       |     1 ||     2
         Lightning rod     |       |       |       |       |       |       |       |       |     4 ||     4
         Phantom mirror    |       |       |       |       |       |       |       |       |     1 ||     1
    Use: Scroll            |     4 |     1 |     2 |     5 |    12 |     4 |     4 |    12 |    32 ||    76
   Stab: Sleeping          |       |       |       |       |       |     1 |       |       |       ||     1
         Distracted        |       |       |       |       |       |       |     3 |     1 |     1 ||     5
 Armour: Robe              |    23 |    37 |    74 |       |       |       |       |       |       ||   134
         Leather armour    |       |       |    14 |   207 |     7 |       |       |       |       ||   228
         Ring mail         |       |       |       |       |   409 |   265 |   298 |   568 |   751 ||  2291
  Dodge: Dodged            |    16 |    58 |    80 |   166 |   181 |   222 |   148 |   257 |   435 ||  1563
  Block: Other             |       |     3 |    29 |    55 |    11 |       |       |       |       ||    98
         Reflection        |       |       |     5 |     5 |    25 |       |       |       |     7 ||    42
         Buckler           |       |       |       |       |   255 |    95 |     6 |   232 |       ||   588
         Kite shield       |       |       |       |       |       |       |   172 |    37 |  1025 ||  1234

Table legend: (Time is in decaauts)
 A = Elapsed time spent in this place.
 B = Non-inter-level travel time spent in this place.
 C = Inter-level travel time spent in this place.
 D = Time resting spent in this place.
 E = Time spent auto-exploring this place.
 F = Levels seen in this place.
 G = Mean time per level.
                   A        B        C        D        E       F      G
               +--------+--------+--------+--------+--------+-----+--------+
         Total | 156999 | 147881 |   9118 |  53136 |  68582 |  83 | 1891.6 |
       Dungeon |  24817 |  21940 |   2877 |   4262 |  13840 |  15 | 1654.5 |
        Temple |     36 |      2 |     34 |      0 |      0 |   1 |   36.0 |
          Lair |  12881 |  11987 |    894 |   3529 |   6962 |   5 | 2576.2 |
         Swamp |   6479 |   6175 |    304 |   2238 |   2978 |   4 | 1619.8 |
     Snake Pit |   7927 |   7548 |    379 |   1718 |   4559 |   4 | 1981.8 |
    Slime Pits |   6603 |   6205 |    398 |   3138 |   2287 |   5 | 1320.6 |
  Orcish Mines |   5094 |   4908 |    186 |   1886 |   2330 |   2 | 2547.0 |
   Elven Halls |   9619 |   9159 |    460 |   3454 |   4490 |   3 | 3206.3 |
        Vaults |  17205 |  16209 |    996 |   3850 |   9853 |   5 | 3441.0 |
         Crypt |   7526 |   6901 |    625 |   3121 |   2657 |   3 | 2508.7 |
          Tomb |   4249 |   4114 |    135 |   1467 |   1812 |   2 | 2124.5 |
        Depths |  14008 |  12783 |   1225 |   4989 |   5791 |   4 | 3502.0 |
          Hell |   1800 |   1780 |     20 |     33 |   1503 |   1 | 1800.0 |
           Zot |  15955 |  15376 |    579 |   9352 |   4030 |   5 | 3191.0 |
         Abyss |   2339 |   2339 |      0 |     37 |   1353 |   7 |  334.1 |
   Pandemonium |  16843 |  16843 |      0 |   8546 |   3279 |   5 | 3368.6 |
      Ziggurat |   1507 |   1507 |      0 |    797 |    241 |  10 |  150.7 |
        Bailey |   1123 |   1123 |      0 |    429 |    222 |   1 | 1123.0 |
      Gauntlet |    980 |    980 |      0 |    288 |    393 |   1 |  980.0 |
               +--------+--------+--------+--------+--------+-----+--------+

Top non-repeatable levels by time:
   Zot:5: 8370 daAuts
Vaults:5: 6639 daAuts
Depths:2: 5520 daAuts
  Lair:5: 4444 daAuts
   Elf:3: 4359 daAuts
   Orc:2: 4123 daAuts
   Elf:2: 3372 daAuts
 Snake:4: 3318 daAuts
Vaults:3: 3285 daAuts
Depths:4: 3269 daAuts
 Crypt:2: 3200 daAuts
  Lair:3: 3083 daAuts
    D:13: 3022 daAuts
  Tomb:1: 2895 daAuts
Depths:3: 2862 daAuts

Table legend:
 A = Kills in this place as a percentage of kills in the entire game.
 B = Kills by you in this place as a percentage of kills by you in the entire game.
 C = Kills by friends in this place as a percentage of kills by friends in the entire game.
 D = Other kills in this place as a percentage of other kills in the entire game.
 E = Experience gained in this place as a percentage of experience gained in the entire game.
 F = Experience gained in this place divided by the number of levels of this place that you have seen.
                   A       B       C       D       E      F
               +-------+-------+-------+-------+-------+----------------------
         Total | 100.0 | 100.0 | 100.0 | 100.0 | 100.0 | 26519.8
       Dungeon |  14.7 |  14.1 |  38.0 |   0.0 |   4.1 | 5951.5
          Lair |   5.0 |   4.7 |  17.4 |   0.0 |   2.5 | 10798.2
         Swamp |   3.9 |   3.8 |   4.3 |  50.0 |   3.2 | 17814.2
     Snake Pit |   5.7 |   5.8 |   4.3 |   0.0 |   4.3 | 23634.2
    Slime Pits |   4.5 |   4.6 |   0.0 |   0.0 |   3.5 | 15301.8
  Orcish Mines |   3.4 |   3.2 |   8.7 |   0.0 |   0.9 | 9941.0
   Elven Halls |   5.2 |   5.3 |   0.0 |   0.0 |   6.0 | 44383.0
        Vaults |  11.7 |  11.8 |   8.7 |   0.0 |  14.4 | 63559.6
         Crypt |   4.1 |   4.2 |   0.0 |   0.0 |   4.7 | 34301.3
          Tomb |   3.8 |   3.9 |   0.0 |   0.0 |   6.1 | 67395.0
        Depths |   6.8 |   6.8 |   5.4 |  16.7 |   9.8 | 53805.8
          Hell |   2.0 |   2.0 |   0.0 |   0.0 |   1.9 | 42194.0
           Zot |   7.1 |   7.2 |   4.3 |   0.0 |  14.9 | 65520.6
         Abyss |   4.2 |   4.3 |   0.0 |   0.0 |   3.7 | 11658.3
   Pandemonium |  14.8 |  15.2 |   0.0 |  33.3 |  16.0 | 70392.0
      Ziggurat |   2.0 |   2.1 |   0.0 |   0.0 |   3.8 | 8283.4
        Bailey |   0.8 |   0.6 |   8.7 |   0.0 |   0.1 | 1877.0
      Gauntlet |   0.4 |   0.4 |   0.0 |   0.0 |   0.2 | 3754.0
               +-------+-------+-------+-------+-------+----------------------
